Map: Apothéose EC

Players

Worming

  • Race: Zerg Zerg
  • League: Diamond

STEF - Winner!

  • Race: Zerg Zerg
  • League: Diamond

VOD

Have the link to the VOD?

Description

Time

  • Played on: Oct. 2, 2016, 6:05 a.m.
  • Length: 6:34
Show
View Real Time Build Order
Export as new Build Order

Worming Zerg 

Build Orders: Hatch First 

Get SALT Encoding   

  12  0:01  Drone  
  13  0:13  Overlord  
  13  0:19  Drone  
  14  0:31  Drone x2  
  16  0:36  Drone  
  17  0:55  Drone, Hatchery  
  17  1:00  Extractor  
  17  1:01  Drone  
  17  1:15  Spawning Pool  
  16  1:18  Drone  
  17  1:27  Drone  
  18  1:33  Drone  
  18  1:39  Drone  
  20  1:50  Overlord  
  20  2:03  Queen  
  20  2:07  Metabolic Boost  
  22  2:08  Zergling x2  
  22  2:09  Zergling x2  
  22  2:10  Queen  
  22  2:13  Drone  
  27  2:29  Drone x3  
  30  2:34  Overlord  
  30  2:55  Drone x4  
  34  3:19  Drone x2  
  35  3:20  Overlord  
  35  3:23  Overlord  
  35  3:24  Evolution Chamber  
  35  3:25  Lair  
  33  3:28  Hatchery  
  33  3:29  Extractor  
  33  3:30  Drone x4  
  33  3:32  Drone  
  36  3:51  Drone x8  
  44  4:01  Zerg Missile Weapons Level 1  
  44  4:02  Roach Warren  
  43  4:03  Drone  
  39  4:21  Zergling x10  
  39  4:23  Zergling x6  
  47  4:42  Extractor  
  46  4:46  Glial Reconstitution  
  46  4:49  Queen  
  48  4:55  Drone x3  
  48  4:56  Overlord x3  
  49  5:25  Queen  
  49  5:29  Overlord  
  49  5:30  Roach  
  49  5:31  Roach x4  
  49  5:33  Roach x3  
  65  5:42  Drone x4  
  69  5:59  Drone x7  
  76  6:13  Overlord  
  76  6:14  Overlord  
  76  6:15  Roach x2  
Show
View Real Time Build Order
Export as new Build Order

STEF Zerg - Winner!

Build Orders: Hatch First 

Get SALT Encoding   

  12  0:01  Drone  
  13  0:12  Overlord  
  13  0:19  Drone  
  14  0:24  Drone, Extractor  
  15  0:31  Drone  
  17  0:35  Drone  
  17  0:57  Hatchery  
  17  0:59  Drone  
  17  1:02  Extractor  
  16  1:05  Drone  
  17  1:17  Spawning Pool  
  16  1:21  Drone  
  16  1:25  Drone  
  18  1:40  Overlord  
  18  1:59  Drone x2  
  20  2:04  Queen, Metabolic Boost  
  20  2:07  Drone  
  23  2:11  Queen  
  25  2:16  Zergling x2  
  26  2:23  Drone  
  27  2:33  Roach Warren  
  27  2:36  Drone x2  
  28  2:37  Drone  
  28  2:41  Drone  
  30  2:49  Queen  
  32  2:55  Overlord  
  32  3:10  Overlord  
  32  3:11  Zergling x6  
  35  3:34  Overlord  
  35  3:35  Lair  
  35  3:37  Extractor  
  35  3:40  Drone x5  
  35  3:41  Drone x2  
  41  3:47  Evolution Chamber  
  40  3:54  Drone  
  41  3:56  Drone  
  42  4:03  Overlord  
  42  4:16  Drone x5  
  45  4:17  Zerg Missile Weapons Level 1  
  44  4:29  Roach  
  44  4:30  Roach x4  
  54  4:39  Drone  
  54  4:41  Evolution Chamber  
  54  4:46  Extractor  
  54  4:47  Hydralisk Den, Extractor  
  51  4:57  Overseer  
  51  5:02  Hatchery  
  51  5:05  Drone  
  50  5:23  Hatchery  
  50  5:25  Roach x6  
  50  5:26  Roach  
  64  5:34  Drone x4  
  68  5:35  Overlord  
  68  5:37  Overlord  
  68  5:58  Drone x5  
  68  6:00  Overlord  
  68  6:02  Roach x2  
  77  6:04  Ravager x2  
  79  6:19  Extractor  
  79  6:24  Extractor  
Tags
 
Add a new tag
Caveats
  • Supply blocks, unpowered buildings, or Contaminate may cause inaccurate times.
  • Supply counts are checked every 10 seconds.